 Dungeon Crawl Stone Soup version 0.30-a0-1160-g6e42c06551 (webtiles) character file.

Game seed: 7329103725707615235

846 kiwi3s the Chopper (level 7, -2/64 HPs)
             Began as a Minotaur Berserker on Apr 26, 2023.
             Was a Priest of Trog.
             Succumbed to an orc's poison
             ... on level 5 of the Dungeon.
             The game lasted 00:04:08 (3947 turns).

kiwi3s the Chopper (Minotaur Berserker)             Turns: 3947, Time: 00:04:09

Health: -2/64      AC:  8    Str: 24    XL:     7   Next: 68%
Magic:  6/6        EV: 11    Int:  4    God:    Trog [***...]
Gold:   274        SH:  0    Dex:  9    Spells: 6/6 levels left

rFire   + . .        a - +0 hand axe
rCold   + + .        (no shield)
rNeg    . . .        j - +0 scale mail {rC+}
rPois   +            (helmet restricted)
rElec   +            y - +0 cloak
rCorr   +            (no gloves)
SInv    .            (no boots)
Will    ++...        (no amulet) Stlth
                     (no ring)
HPRegen 1.30/turn    (no ring)
MPRegen 0.10/turn

%: no passive effects
@: brilliant, lethally poisoned (-2 -> -9), resistant, strong-willed,
regenerating
A: horns 2, retaliatory headbutt
a: Renounce Religion, Berserk, Trog's Hand


You were on level 5 of the Dungeon.
You worshipped Trog.
Trog was most pleased with you.
You visited 1 branch of the dungeon, and saw 5 of its levels.

You collected 274 gold pieces.

Inventory:

Hand Weapons
 a - a +0 hand axe (weapon)
Missiles
 n - 2 boomerangs (quivered)
 x - 2 throwing nets
Armour
 b - a +0 animal skin
 j - a +0 scale mail of cold resistance (worn)
 s - the +0 cloak of the Serpent {Harm rPois rF+++ Int-5}
   (You found it on level 3 of the Dungeon)

   Int:       It affects your intelligence (-5).
   rF:        It renders you almost immune to fire.
   rPois:     It protects you from poison.
   Harm:      It increases damage dealt and taken.
 y - a +0 cloak (worn)
Jewellery
 h - a ring of resist corrosion
 k - a ring of see invisible
 r - a ring of resist corrosion
Scrolls
 e - 10 scrolls of identify {unknown}
 f - 4 scrolls of teleportation {unknown}
 g - a scroll of enchant armour {unknown}
 i - a scroll of fog {unknown}
 l - a scroll of silence {unknown}
 p - a scroll of poison {unknown}
 t - a scroll of blinking {unknown}
 w - a scroll of fear {unknown}
Potions
 c - 2 potions of mutation {unknown}
 d - a potion of brilliance
 m - a potion of resistance
 o - a potion of haste {unknown}
 q - a potion of flight {unknown}
 u - a potion of curing {unknown}
 v - a potion of berserk rage {unknown}


   Skills:
 + Level 6.3 Fighting
 + Level 6.3 Axes
 + Level 5.7 Armour
 + Level 5.1 Dodging


You had 6 spell levels left.
You didn't know any spells.
Your spell library was empty.

Dungeon Overview and Level Annotations

Branches:
Dungeon (5/15)             Temple (0/1) D:5

Altars:
Elyvilon
Qazlal
Ru
The Shining One

Shops:
D:1 ?


Innate Abilities, Weirdness & Mutations

You have a pair of horns on your head.
You reflexively headbutt those who attack you in melee.


Message History

You are lethally poisoned!
You are too injured to fight recklessly!
You are too injured to fight recklessly!
You are too injured to fight recklessly!
You are too injured to fight recklessly!
You are too injured to fight recklessly!
Your skin crawls.
You feel strong-willed.
You can no longer call in reinforcements.
You feel extremely sick. The orc barely misses you.
You hit the orc but do no damage.
The orc is almost dead.
You feel very sick. The orc barely misses you.
You are too injured to fight recklessly!
Unknown command.
You barely miss the orc.
The orc is almost dead.
You feel very sick.
The orc hits you with a +2 spear of venom.
* * * LOW HITPOINT WARNING * * *
You are lethally poisoned!
Unknown command.
You are too injured to fight recklessly!
You hit the orc but do no damage.
The orc is almost dead.
* * * LOW HITPOINT WARNING * * *
You feel extremely sick.
The orc hits you with a +2 spear of venom.
* * * LOW HITPOINT WARNING * * *
Okay, then.
It was a potion of resistance.
You feel protected.
* * * LOW HITPOINT WARNING * * *
You feel very sick. The orc hits you but does no damage.
It was a potion of brilliance.
You feel clever all of a sudden.
You die...

#._.#.##.#
#..$......
#...#.##.#
##.######
.......+..#
#)#
###+#####.#
#)# #.# #.#
#.# ##)#
#/)#
###†###
#.)o@.#
#.###.#
....P...#
#..#
#..>P.#.#
#?.#
#.P.P.#?.
>..# #..oP
### ##.#
###.# .# #.
.# # ..


You could see an orc.

Vanquished Creatures
  A black bear (D:4)
  An ogre (D:5)
  The ghost of hgbash the Conjurer, an amateur OpCj (D:3)
  A scorpion (D:4)
  A gnoll sergeant (D:5)
  2 howler monkeys (D:4)
  A hound (D:4)
  An orc priest (D:3)
  An iguana (D:4)
  2 orc wizards (D:4)
  7 adders
  9 gnolls
  3 worms
  4 dart slugs
  9 orcs
  5 endoplasms
  5 giant cockroaches
  6 goblins
  11 hobgoblins
  5 jackals
  4 quokkas
  10 ball pythons
  3 bats
  6 frilled lizards
  9 kobolds
  5 rats
113 creatures vanquished.

Vanquished Creatures (others)
  2 plants (D:5)
2 creatures vanquished.

Grand Total: 115 creatures vanquished

Notes
Turn   | Place    | Note
-------+----------+-------------------------------------------
     0 | D:1      | kiwi3s the Minotaur Berserker began the quest for the Orb.
     0 | D:1      | Reached XP level 1. HP: 19/19 MP: 0/0
    84 | D:1      | Reached XP level 2. HP: 27/27 MP: 1/1
   300 | D:1      | Found Xalithru's Magic Scroll Emporium.
   317 | D:1      | Reached XP level 3. HP: 29/33 MP: 2/2
   649 | D:2      | Reached ** piety under Trog
   912 | D:2      | Found a sacrificial altar of Ru.
  1140 | D:2      | Reached XP level 4. HP: 33/40 MP: 3/3
  1385 | D:3      | Found a stormy altar of Qazlal.
  1387 | D:3      | Noticed an air elemental
  1387 | D:3      | Noticed a water elemental
  1389 | D:3      | Noticed a fire elemental
  1389 | D:3      | Noticed an earth elemental
  1905 | D:3      | Reached XP level 5. HP: 47/47 MP: 4/4
  1923 | D:3      | Identified the +0 cloak of the Serpent {Harm rPois rF+++
                  | Int-5}
  1975 | D:3      | Found a white marble altar of Elyvilon.
  2115 | D:3      | Reached *** piety under Trog
  2140 | D:3      | Found a runed translucent gate.
  2140 | D:3      | Found a runed translucent gate.
  2142 | D:3      | Found a runed translucent gate.
  2144 | D:3      | Noticed hgbash's ghost (amateur OpCj)
  2647 | D:3      | Killed hgbash's ghost
  2648 | D:3      | Reached skill level 5 in Fighting
  2648 | D:3      | Reached skill level 5 in Axes
  2798 | D:4      | Reached XP level 6. HP: 56/56 MP: 5/5
  3256 | D:4      | Reached skill level 5 in Armour
  3519 | D:4      | Reached XP level 7. HP: 58/62 MP: 6/6
  3749 | D:5      | Entered Level 5 of the Dungeon
  3761 | D:5      | Found a glowing golden altar of the Shining One.
  3803 | D:5      | Reached **** piety under Trog
  3804 | D:5      | Reached skill level 5 in Dodging
  3804 | D:5      | Found a staircase to the Ecumenical Temple.
  3946 | D:5      | HP: 1/64 [poisoned by an orc]
  3947 | D:5      | Succumbed to an orc's poison

Illustrated notes

Levels and vault maps discovered:
D:1:      dpeg_arrival_brainrot, layout_rooms, serial_shops, shop
D:2:      layout_loops_ring, basic_altar, chequers_serial_rivers_small_3
D:3:      layout_basic, nicolae_qazlal_style_of_elements, lemuel_crystal_altar,
          gammafunk_ghost_split
D:4:      layout_basic
D:5:      layout_loops_ring, mainiacjoe_overflow_six_doors_small,
          minmay_temple_entry_overgrown, serial_shops, shop

Skill      XL: |  1  2  3  4  5  6  7 |
---------------+----------------------+-----
Axes           | 4 5 6 |  6.3
Armour         | 3 4 5 |  5.7
Fighting       | 4 5 6 |  6.3
Dodging        | 3 4 5 |  5.1

Action                     |  1- 3 |  4- 6 |  7- 9 || total
---------------------------+-------+-------+-------++-------
  Melee: Hand axe          |    79 |   138 |    27 ||   244
         Headbutt          |    12 |    16 |     5 ||    33
         Punch             |       |     1 |       ||     1
  Throw: Boomerang         |       |       |     2 ||     2
 Invoke: Berserk           |       |     3 |     1 ||     4
         Trog's Hand       |       |       |     1 ||     1
    Use: Potion            |       |       |     2 ||     2
 Armour: Animal skin       |     6 |       |       ||     6
         Scale mail        |    25 |    59 |    13 ||    97
  Dodge: Dodged            |    44 |    72 |    15 ||   131

Table legend: (Time is in decaauts)
 A = Elapsed time spent in this place.
 B = Non-inter-level travel time spent in this place.
 C = Inter-level travel time spent in this place.
 D = Time resting spent in this place.
 E = Time spent auto-exploring this place.
 F = Levels seen in this place.
 G = Mean time per level.
                   A        B        C        D        E       F      G
               +--------+--------+--------+--------+--------+-----+--------+
         Total |   3991 |   3910 |     81 |    317 |   3000 |   5 |  798.2 |
       Dungeon |   3991 |   3910 |     81 |    317 |   3000 |   5 |  798.2 |
               +--------+--------+--------+--------+--------+-----+--------+

Top non-repeatable levels by time:
     D:3: 1370 daAuts
     D:4: 1026 daAuts
     D:2: 798 daAuts
     D:1: 588 daAuts
     D:5: 207 daAuts
